 Dungeon Crawl Stone Soup version 0.25-a0-566-g062765be81 (webtiles) character file.

Game seed: 9224378707957813279, levelgen mode: deterministic

9293 LairdRich the Fighter (level 11, -29/105 HPs)
             Began as a Minotaur Berserker on Feb 18, 2020.
             Was an Elder of Trog.
             Killed from afar by Erolcha (53 damage)
             ... with a crystal spear
             ... on level 9 of the Dungeon on Feb 27, 2020.
             The game lasted 00:34:17 (10367 turns).

LairdRich the Fighter (Minotaur Berserker)         Turns: 10367, Time: 00:34:17

Health: -29/105    AC: 14    Str: 25    XL:     11   Next: 21%
Magic:  22/22      EV:  9    Int:  4    God:    Trog [****..]
Gold:   373        SH:  0    Dex: 10    Spells: 10/10 levels left

rFire    . . .     SeeInvis .   z - +3 battleaxe (elec)
rCold    . . .     Gourm    .   (shield currently unavailable)
rNeg     + + .     Faith    .   K - +1 plate armour "Etwogh" {rElec rN+ MP+9} (curse)
rPois    .         Spirit   .   (helmet restricted)
rElec    +         Reflect  .   J - +0 cloak {MR+}
rCorr    .         Harm     .   (no gloves)
MR       +++..                  (no boots)
Stlth    ..........             h - amulet of regeneration
HPRegen  1.67/turn              w - ring of positive energy
MPRegen  0.18/turn              (no ring)

@: regenerating
A: retaliatory headbutt, horns 2
a: Berserk, Trog's Hand, Brothers in Arms, Renounce Religion


You were on level 9 of the Dungeon.
You worshipped Trog.
Trog was greatly pleased with you.
You were not hungry.

You visited 1 branch of the dungeon, and saw 12 of its levels.

You collected 492 gold pieces.
You spent 119 gold pieces at shops.

Inventory:

Hand Weapons
 a - a +0 hand axe
 b - a +0 short sword of electrocution
 e - a +0 morningstar of protection
 z - a +3 battleaxe of electrocution (weapon)
 G - the +7 dagger of Godghizyu {flame, *Corrode rC+ SInv Stlth+}
   (You found it on level 7 of the Dungeon)

   It has been specially enchanted to burn those struck by it, causing extra
   injury to most foes and up to half again as much damage against particularly
   susceptible opponents.
   It protects you from cold.
   It lets you see invisible.
   It may corrode you when you take damage.
   It makes you more stealthy.
Missiles
 d - 35 poisoned darts (quivered)
Armour
 m - a +1 chain mail
 J - a +0 cloak of magic resistance (worn)
 K - the cursed +1 plate armour "Etwogh" (worn) {rElec rN+ MP+9}
   (You found it on level 8 of the Dungeon)

   It insulates you from electricity.
   It protects you from negative energy.
   It affects your magic capacity (+9).
   If you remove this armour, your AC will decrease by 13 (14 -> 1).
   It has a curse placed upon it.
Jewellery
 h - an amulet of regeneration (around neck)
 w - a ring of positive energy (left hand)
 y - an uncursed ring of ice
 L - a cursed -2 ring of evasion
Wands
 f - a wand of disintegration (15)
 u - a wand of paralysis (7)
 A - a wand of acid (12)
 B - a wand of flame (53)
 F - a wand of iceblast (7)
Scrolls
 k - 2 scrolls of blinking
 n - 4 scrolls of remove curse
 o - 2 scrolls of enchant armour
 p - 3 scrolls of enchant weapon
 C - a scroll of teleportation
 E - a scroll of magic mapping
 N - a scroll of fog
Potions
 g - 7 potions of invisibility
 i - 2 potions of might
 j - a potion of haste {unknown}
 l - a potion of ambrosia {unknown}
 r - a potion of mutation {unknown}
 s - a potion of curing {unknown}
 t - 2 potions of heal wounds
 v - 2 potions of brilliance
 x - 4 potions of stabbing
 H - a potion of resistance {unknown}
Comestibles
 c - 20 rations


   Skills:
 + Level 12.5 Fighting
 - Level 8.4 Short Blades
 + Level 11.1 Axes
 - Level 5.1 Armour
 - Level 5.0 Dodging
 - Level 5.1 Evocations


You had 10 spell levels left.
You didn't know any spells.
Your spell library was empty.

Dungeon Overview and Level Annotations

Branches:
Dungeon (12/15)            Temple (0/1) D:6            Lair (0/6) D:9
    Orc (0/2) D:9

Altars:
Ashenzari
Dithmenos
Elyvilon
Fedhas
Gozag
Trog
Uskayaw
Vehumet
Wu Jian
The Shining One

Shops:
D:7 ?   D:8 :*?:   D:12 *

Annotations:
D:9 Erolcha


Innate Abilities, Weirdness & Mutations

You reflexively headbutt those who attack you in melee.
You have a pair of horns on your head.


Message History

You hit Erolcha. Your headbutt misses Erolcha.
Erolcha is moderately wounded.
Erolcha barely misses you. You furiously retaliate!
You headbutt Erolcha!
Erolcha points at you and mumbles some strange words.
The bolt of cold misses you.
Your plate armour "Etwogh" prevents you from hitting Erolcha.
Erolcha is heavily wounded.
Erolcha hits you with a +0 giant club!!
Evoke which item? (* to show all) (? for menu, Esc to quit)
Aiming: Paralyse
Press: ? - help, Shift-Dir - straight line, f - Erolcha
Aim: Erolcha, wielding a +0 giant club and wearing a cursed +0 robe (heavily wounded, fast, chance to defeat MR: 26%) Erolcha easily resists.
Erolcha gestures at you while chanting. The bolt of cold hits you!!
* * * LOW HITPOINT WARNING * * *
Erolcha points at you and mumbles some strange words.
The crystal spear hits you!!!
Ouch! That really hurt!
You die...

.........##.. ............ ..
............##..
#..##.#..........
....##..........<
......#........##.
.......$....O......
.!.........@.......
#.................. ..
#................. .. .
#................. _.##
#................ .[.#
###.........>...............
#.........##............#.#.
#....#....##.....##.........
###.............#..##.........


You could see Erolcha.

Vanquished Creatures
  3 two-headed ogres
  A deep elf mage (D:12)
  An ugly thing (D:12)
  A cyclops (D:11)
  A centaur skeleton (D:10)
  A komodo dragon (D:9)
  2 trolls
  A hippogriff (D:8)
  The ghost of Gruesome the Sneak, an amateur OpEE (D:5)
  2 vampires
  2 wyverns (D:8)
  Eustachio (D:6)
  A hungry ghost (D:8)
  2 sky beasts
  5 orc warriors
  7 ogres
  4 centaurs
  A crocodile (D:8)
  2 big kobolds
  3 bullfrogs
  A water moccasin zombie (D:8)
  2 scorpions
  A howler monkey (D:4)
  3 wights (D:8)
  5 crimson imps
  A quasit (D:8)
  3 bullfrog zombies
  3 hounds
  A bullfrog skeleton (D:11)
  10 orc wizards
  8 orc priests
  3 iguanas
  9 worker ants
  2 hound skeletons (D:4)
  A hound zombie (D:6)
  12 adders
  A howler monkey skeleton (D:5)
  An ooze (D:1)
  2 worms (D:2)
  2 dart slugs
  3 leopard geckos
  30 orcs
  6 giant cockroaches
  9 goblins
  4 hobgoblins
  3 jackals (D:7)
  7 quokkas
  A ball python (D:1)
  6 bats
  3 frilled lizards
  11 kobolds
  10 rats
206 creatures vanquished.

Vanquished Creatures (others)
  Maurice (D:8)
  A plant (D:9)
2 creatures vanquished.

Grand Total: 208 creatures vanquished

Notes
Turn   | Place    | Note
-------+----------+-------------------------------------------
     0 | D:1      | LairdRich the Minotaur Berserker began the quest for the
                  | Orb.
     0 | D:1      | Reached XP level 1. HP: 19/19 MP: 0/0
   114 | D:1      | Reached XP level 2. HP: 20/27 MP: 1/1
   797 | D:1      | Reached ** piety under Trog
   890 | D:1      | Reached XP level 3. HP: 33/33 MP: 2/2
   943 | D:1      | Reached skill level 4 in Fighting
  1082 | D:2      | Found a shadowy altar of Dithmenos.
  1334 | D:2      | Reached XP level 4. HP: 40/40 MP: 3/3
  2061 | D:3      | Reached *** piety under Trog
  2061 | D:3      | Reached skill level 5 in Axes
  2401 | D:4      | Reached XP level 5. HP: 36/47 MP: 4/4
  2543 | D:4      | Noticed an ogre
  2566 | D:4      | Reached XP level 6. HP: 10/55 MP: 5/5
  2959 | D:4      | Reached skill level 5 in Fighting
  3177 | D:4      | Reached XP level 7. HP: 53/61 MP: 6/6
  3236 | D:4      | Found an ornate altar of the Wu Jian Council.
  3366 | D:4      | Found a bloodstained altar of Trog.
  4110 | D:4      | Reached skill level 5 in Armour
  4276 | D:5      | Entered Level 5 of the Dungeon
  4344 | D:5      | Reached skill level 6 in Fighting
  4390 | D:5      | Found a runed translucent door.
  4403 | D:5      | Noticed Gruesome's ghost (amateur OpEE)
  4423 | D:5      | Reached skill level 5 in Dodging
  4425 | D:5      | Found a blossoming altar of Fedhas.
  4439 | D:5      | Reached XP level 8. HP: 70/70 MP: 7/7
  4517 | D:5      | Found an opulent altar of Gozag.
  5497 | D:5      | Killed Gruesome's ghost
  5497 | D:5      | Reached skill level 1 in Evocations
  5538 | D:6      | Found a staircase to the Ecumenical Temple.
  5880 | D:6      | Reached skill level 7 in Fighting
  6102 | D:6      | Noticed Eustachio
  6172 | D:6      | Killed Eustachio
  6373 | D:6      | Reached skill level 10 in Axes
  6373 | D:6      | Reached XP level 9. HP: 48/79 MP: 10/10
  6838 | D:7      | Found a radiant altar of Vehumet.
  6857 | D:7      | Reached **** piety under Trog
  6904 | D:7      | Found Naode's Magic Scroll Shoppe.
  6921 | D:7      | Bought a scroll of enchant weapon for 105 gold pieces
  6921 | D:7      | Bought a scroll of random uselessness for 14 gold pieces
  7708 | D:7      | Found a shattered altar of Ashenzari.
  7708 | D:7      | Found a hide-covered altar of Uskayaw.
  7718 | D:7      | Got a crude dagger
  7719 | D:7      | Identified the +7 dagger of Godghizyu {flame, *Corrode rC+
                  | SInv Stlth+} (You found it on level 7 of the Dungeon)
  7799 | D:7      | Upgraded the game from 0.25-a0-523-g9afb2ee040 to
                  | 0.25-a0-528-g6b7c99946c
  7925 | D:8      | Found Vawnoeck's Book Shop.
  7971 | D:8      | Found Mosoumil's Magic Scroll Boutique.
  7985 | D:8      | Reached skill level 1 in Short Blades
  7990 | D:8      | Reached skill level 8 in Fighting
  8098 | D:8      | Reached skill level 5 in Evocations
  8423 | D:8      | Noticed Maurice
  8442 | D:8      | Killed Maurice
  8442 | D:8      | Reached skill level 9 in Fighting
  8650 | D:8      | Found Dinuufec's Assorted Antiques.
  8718 | D:8      | Reached XP level 10. HP: 38/91 MP: 12/12
  8806 | D:8      | Found a white marble altar of Elyvilon.
  8825 | D:8      | Reached skill level 5 in Short Blades
  8877 | D:8      | Upgraded the game from 0.25-a0-528-g6b7c99946c to
                  | 0.25-a0-566-g062765be81
  8891 | D:8      | Found Niboygg's Book Boutique.
  8948 | D:8      | Noticed a two-headed ogre
  9065 | D:8      | Killed a two-headed ogre
  9065 | D:8      | Reached skill level 10 in Fighting
  9245 | D:8      | Got a turquoise-encrusted plate armour
  9255 | D:8      | Identified the cursed +1 plate armour "Etwogh" {rElec rN+
                  | MP+9} (You found it on level 8 of the Dungeon)
  9302 | D:9      | Found a staircase to the Orcish Mines.
  9465 | D:9      | Found a glowing golden altar of the Shining One.
  9497 | D:9      | Found a staircase to the Lair.
  9636 | D:9      | Noticed a two-headed ogre
  9654 | D:9      | Killed a two-headed ogre
  9654 | D:9      | Reached skill level 11 in Fighting
  9709 | D:9      | You fall into a shaft and drop 3 floors!
  9709 | D:12     | Noticed a cyan ugly thing
  9710 | D:12     | Noticed a two-headed ogre
  9721 | D:12     | Killed a two-headed ogre
  9731 | D:12     | Killed a cyan ugly thing
  9731 | D:12     | Reached ***** piety under Trog
  9731 | D:12     | Received a gift from Trog
  9895 | D:12     | Noticed a deep elf mage
  9901 | D:12     | Killed a deep elf mage
  9901 | D:12     | Reached skill level 12 in Fighting
  9901 | D:12     | Reached XP level 11. HP: 104/104 MP: 13/13
  9942 | D:12     | Noticed a red ugly thing
  9944 | D:12     | Found Gunatif's General Store.
  9947 | D:12     | Identified the Tome of Heat and Air
 10068 | D:10     | Entered Level 10 of the Dungeon
 10357 | D:9      | Noticed Erolcha
 10367 | D:9      | Killed from afar by Erolcha

Levels and vault maps discovered:
D:1:      dpeg_arrival_chambers_temple_mockup, layout_loops_ring,
          serial_bayou_ford_a
D:2:      layout_basic, nicolae_dithmenos_through_a_glass_darkly, first_ration,
          kennysheep_doodads
D:3:      layout_rooms
D:4:      layout_basic, lemuel_doored_altar, marbit_many_paths
D:5:      layout_layer_cave, fedhas_altar_3, ebering_ghost_sewer_d, basic_altar,
          hangedman_abyss_or_decor_passed, kennysheep_generic_room_15
D:6:      layout_loops_corners, minmay_temple_entry_offerings, uniq_eustachio
D:7:      layout_basic, overflow_temple_1_default,
          amethyst_overflow_temple_binary, serial_shops, shop
D:8:      layout_basic, elyvilon_altar_5, serial_shops,
          nicolae_shop_behind_doors, shop, nicolae_shop_stone,
          nicolae_shop_crystal, blue_anna_alchemist [blue_anna_fruit_fields,
          blue_anna_fruit_fields], uniq_maurice
D:9:      layout_cave_pools, chequers_temple_overflow_statue_of_worship,
          kiku_gazebo_garden_becter, david_lair_shrubbed, orc_david_3,
          uniq_erica, uniq_erolcha
D:10:     layout_loops_corners, gammafunk_ghost_stat_death, minmay_door_square,
          hangedman_tell_no_tales
D:11:     layout_loops_ring, basic_altar, uniq_josephine
D:12:     layout_roguey, serial_shops, shop

Skill      XL: |  1  2  3  4  5  6  7  8  9 10 11 |
---------------+----------------------------------+-----
Axes           | 4 5 6 8 10 11 | 11.1
Fighting       | 4 5 6 7 9 12 | 12.5
Armour         | 3 4 5 |  5.1
Dodging        | 3 4 5 |  5.0
Evocations     | 3 5 |  5.1
Short Blades   | 4 8 |  8.4

Action                   |  1- 3 |  4- 6 |  7- 9 | 10-12 || total
-------------------------+-------+-------+-------+-------++-------
Melee: Hand axe          |    81 |    63 |       |       ||   144
       Headbutt          |    14 |    18 |    63 |    37 ||   132
       Short sword       |       |    46 |    25 |       ||    71
       Morningstar       |       |       |   212 |       ||   212
       Dagger            |       |       |   106 |   113 ||   219
       Battleaxe         |       |       |       |    54 ||    54
Throw: Dart              |       |    22 |    14 |       ||    36
Invok: Trog's Hand       |       |     1 |     3 |     2 ||     6
       Berserk           |       |       |       |     1 ||     1
Evoke: Wand              |       |       |       |     2 ||     2
  Use: Scroll            |       |     1 |    12 |     9 ||    22
  Eat: Chunk             |     1 |     6 |    19 |     4 ||    30
       Ration            |       |       |     2 |     1 ||     3
Armor: Animal skin       |     7 |       |       |       ||     7
       Chain mail        |    15 |    62 |   235 |    19 ||   331
       Plate armour      |       |       |       |    78 ||    78
Dodge: Dodged            |    56 |    43 |   207 |    74 ||   380

Table legend:
 A = Non-vault XP
 B = Vault XP
 C = Vault XP percentage of total XP
 D = Non-vault monster count
 E = Vault monster count
 F = Vault count percentage of total count
                 A         B        C        D         E       F
            +---------+---------+-------+---------+---------+-------
      Total |   11730 |    1547 |  11.7 |     193 |      14 |   6.8
            +---------+---------+-------+---------+---------+-------
        D:1 |      47 |       0 |   0.0 |      27 |       0 |   0.0
        D:2 |      63 |       0 |   0.0 |      18 |       0 |   0.0
        D:3 |      48 |       0 |   0.0 |      17 |       0 |   0.0
        D:4 |     957 |      60 |   5.9 |      18 |       1 |   5.3
        D:5 |     519 |     251 |  32.6 |      14 |       3 |  17.6
        D:6 |     736 |     188 |  20.3 |      15 |       1 |   6.2
        D:7 |     516 |       0 |   0.0 |      22 |       0 |   0.0
        D:8 |    3055 |     645 |  17.4 |      36 |       5 |  12.2
        D:9 |    1077 |     403 |  27.2 |       4 |       4 |  50.0
       D:10 |    1155 |       0 |   0.0 |       8 |       0 |   0.0
       D:11 |     754 |       0 |   0.0 |       6 |       0 |   0.0
       D:12 |    2803 |       0 |   0.0 |       8 |       0 |   0.0
            +---------+---------+-------+---------+---------+-------
